 Dungeon Crawl Stone Soup version 0.31-a0-978-g1e143483b6 (webtiles) character file.

Game seed: 11625123173408773824

4412 tsujin the Grappler (level 10, -3/76 HPs)
             Began as a Gnoll Shapeshifter on Oct 30, 2023.
             Was a Follower of Trog.
             Killed from afar by an electric eel (12 damage)
             ... with a bolt of electricity
             ... on level 9 of the Dungeon.
             The game lasted 00:17:39 (9534 turns).

tsujin the Grappler (Gnoll Shapeshifter)            Turns: 9534, Time: 00:17:40

Health: -3/76      AC: 12    Str: 18    XL:     10   Next: 36%
Magic:  26/26      EV:  8    Int: 13    God:    Trog [*.....]
Gold:   1167       SH:  5    Dex: 19    Spells: 19/19 levels left

rFire   . .          .
                       - Unarmed
rCold   . . .        (no shield)
rNeg    . . .        m - +0 plate armour
rPois   .            (helmet currently unavailable)
rElec   .            (cloak currently unavailable)
rCorr   .            (gloves currently unavailable)
SInv    .            (boots currently unavailable)
Will    .....        B - amulet of reflection Stlth
                     a - ring of Emuzof {MP+9 Int+3 Dex+2}
HPRegen 0.32/turn    F - +6 ring of dexterity
MPRegen 0.20/turn

%: reflection
@: about to teleport, beast-form, marked, on berserk cooldown
A: beast (slay +4), fangs 1, strong nose, distributed training
a: Begin Untransformation, Renounce Religion, Berserk


You were on level 9 of the Dungeon.
You worshipped Trog.
Trog was aware of your devotion.
You were a hulking beast.
You visited 2 branches of the dungeon, and saw 10 of its levels.
You also visited: Sewer.

You collected 1167 gold pieces.

Inventory:

Missiles
 h - 3 javelins
 D - 2 poisoned darts
Armour
 k - a +1 pair of gloves
 m - a +0 plate armour (worn)
Jewellery
 a - the ring of Emuzof (left hand) {MP+9 Int+3 Dex+2}
   (You found it on level 8 of the Dungeon)

   [ring of magical power]

   Int+3:     It affects your intelligence (+3).
   Dex+2:     It affects your dexterity (+2).
   MP+9:      It affects your magic capacity (+9).
 n - an amulet of guardian spirit
 s - a +6 ring of intelligence
 u - a ring of resist corrosion
 B - an amulet of reflection (around neck)
 E - a ring of ice
 F - a +6 ring of dexterity (right hand)
Talismans
 c - a beast talisman
 d - a flux talisman
 o - a maw talisman
Wands
 l - a wand of polymorph (10)
 r - a wand of flame (8)
 A - a wand of quicksilver (16)
Scrolls
 e - a scroll of revelation
 g - 9 scrolls of identify
 y - a scroll of enchant weapon
Potions
 b - 3 potions of lignification
 p - 3 potions of enlightenment
 v - a potion of cancellation
 z - a potion of mutation
 C - 2 potions of magic


   Skills:
 + Level 6.0 Fighting
 + Level 5.3 Short Blades
 + Level 5.3 Long Blades
 + Level 5.3 Axes
 + Level 5.3 Maces & Flails
 + Level 5.3 Polearms
 + Level 5.3 Staves
 + Level 5.3 Ranged Weapons
 + Level 5.3 Throwing
 + Level 5.3 Armour
 + Level 7.1 Dodging
 + Level 5.3 Stealth
 + Level 5.3 Shields
 + Level 8.5 Unarmed Combat
 + Level 5.3 Spellcasting
 + Level 4.3 Conjurations
 + Level 4.3 Hexes
 + Level 4.3 Summonings
 + Level 4.3 Necromancy
 + Level 4.3 Translocations
 + Level 4.3 Transmutations
 + Level 4.3 Fire Magic
 + Level 4.3 Ice Magic
 + Level 4.3 Air Magic
 + Level 4.3 Earth Magic
 + Level 4.3 Poison Magic
 + Level 5.8 Invocations
 + Level 5.3 Evocations
 + Level 8.2 Shapeshifting


You had 19 spell levels left.
You didn't know any spells.
Your spell library was empty.

Dungeon Overview and Level Annotations

Branches:
Dungeon (9/15)             Temple (1/1) D:7            Lair (0/5) D:9
    Orc (0/2) D:9           Sewer (visited)

Altars:
Ashenzari
Cheibriados
Dithmenos
Elyvilon
Fedhas
Gozag
Hepliaklqana
Kikubaaqudgha
Makhleb
Nemelex Xobeh
Okawaru
Qazlal
Ru
Sif Muna
Trog
Uskayaw
Vehumet
Wu Jian
Xom
Yredelemnul
The Shining One

Shops:
D:1 :   D:7 *

Annotations:
D:4 1 runed translucent door, Dordric's ghost, amateur DrSh
D:9 Harold; Maggie


Innate Abilities, Weirdness & Mutations

You are a hulking beast.
Your limbs bulge with bestial killing power. (Slay +4)
You have very sharp teeth.
Your uncanny sense of smell can sniff out nearby items.
Your experience applies equally to all skills.


Message History

The centaur kicks you but does no damage.
An orc wizard comes into view. It is wielding a +0 dagger.
You block the troll's attack. The troll claws you.
* * * LOW HITPOINT WARNING * * *
The troll barely misses you.
You take 8 damage, and have 7/76 hp.
You feel better.
Your surroundings suddenly seem different.
An electric eel comes into view.
You regained 12 hp, and now have 19/76 hp.
The electric eel shoots out a bolt of lightning at you!
The bolt of electricity hits you.
* * * LOW HITPOINT WARNING * * *
The electric eel shoots out a bolt of lightning at you!
The bolt of electricity hits you!
* * * LOW HITPOINT WARNING * * *
You take 14 damage, and have 5/76 hp.
The electric eel shoots out a bolt of lightning at you!
The bolt of electricity hits you but does no damage.
You feel better.
The electric eel shoots out a bolt of lightning at you!
The bolt of electricity hits you.
* * * LOW HITPOINT WARNING * * *
The electric eel shoots out a bolt of lightning at you!
The bolt of electricity hits you.
* * * LOW HITPOINT WARNING * * *
You regained 2 hp, and now have 8/76 hp.
As you read the scroll of teleportation, it crumbles to dust.
You feel strangely unstable.
You feel yourself speed up.
Your surroundings suddenly seem different.
Found a scroll of identify, an encrusted fluorescent wand and a ring mail.
Found a staircase to the Lair.
The electric eel shoots out a bolt of lightning at you!
The bolt of electricity misses you.
As you read the scroll of teleportation, it crumbles to dust.
You feel strangely unstable.
The electric eel shoots out a bolt of lightning at you!
The bolt of electricity hits you!
You die...

### ~#~~~~ .~~[#.#
~~ ~~####
....#~~## ~~~ ~~
....~~~~## ~~~~
....~~~~~##~~>~
....~~~~~~...
....~~~~~~~# #
....~~~~~~~# #.
.......h..?# (c
........../....
#.#(
.............~~
#.[.
..................
#.#.
....~~...........~
#...
.....≈......[.....
#.#.
#..~S..~~........
#.##
#..≈~...~?.......
# #.~~)...........


You could see an electric eel.

Vanquished Creatures
  Erolcha (D:9)
  An ugly thing (D:8)
  2 vampire mosquitoes (D:8)
  Menkaure (D:5)
  2 water moccasins (D:8)
  5 orc warriors (D:8)
  A black bear (D:4)
  An ice beast (D:8)
  A phantom (D:4)
  2 kobold brigands
  5 bullfrogs
  2 scorpions
  6 killer bees
  4 electric eels (D:9)
  2 howler monkeys
  A crimson imp (D:5)
  3 orc priests
  3 jellies
  4 hounds
  2 sleepcaps (D:7)
  Ijyb (D:4)
  Natasha (thrice) (D:2)
  2 iguanas
  7 orc wizards
  Robin (D:4)
  12 adders
  3 river rats (Sewer)
  4 ufetubi (D:7)
  2 worms
  3 dart slugs (D:1)
  27 orcs
  13 ball pythons
  10 endoplasms
  6 giant cockroaches
  7 hobgoblins
  3 jackals
  12 kobolds
  6 quokkas
  4 bats
  6 frilled lizards
  16 goblins
  9 rats
  A spectral kobold (D:3)
207 creatures vanquished.

Notes
Turn   | Place    | Note
-------+----------+-------------------------------------------
     0 | D:1      | tsujin the Gnoll Shapeshifter began the quest for the Orb.
     0 | D:1      | Reached XP level 1. HP: 17/17 MP: 1/1
    27 | D:1      | Reached XP level 2. HP: 19/23 MP: 2/2
    68 | D:1      | Found a faded altar of an unknown god.
   290 | D:1      | Found Gacack's Book Emporium.
   481 | D:1      | Reached XP level 3. HP: 28/28 MP: 3/3
   671 | D:1      | Reached skill level 1 in Invocations
  1005 | D:2      | Reached skill level 1 in Short Blades
  1005 | D:2      | Reached skill level 1 in Long Blades
  1005 | D:2      | Reached skill level 1 in Axes
  1005 | D:2      | Reached skill level 1 in Maces & Flails
  1005 | D:2      | Reached skill level 1 in Polearms
  1005 | D:2      | Reached skill level 1 in Staves
  1005 | D:2      | Reached skill level 1 in Ranged Weapons
  1005 | D:2      | Reached skill level 1 in Throwing
  1005 | D:2      | Reached skill level 1 in Armour
  1005 | D:2      | Reached skill level 1 in Stealth
  1005 | D:2      | Reached skill level 1 in Shields
  1005 | D:2      | Reached skill level 1 in Spellcasting
  1005 | D:2      | Reached skill level 1 in Evocations
  1129 | D:2      | Reached XP level 4. HP: 34/34 MP: 5/5
  1265 | D:2      | Noticed Natasha
  1273 | D:2      | Killed Natasha
  1274 | D:2      | Reached skill level 1 in Conjurations
  1274 | D:2      | Reached skill level 1 in Hexes
  1274 | D:2      | Reached skill level 1 in Summonings
  1274 | D:2      | Reached skill level 1 in Necromancy
  1274 | D:2      | Reached skill level 1 in Translocations
  1274 | D:2      | Reached skill level 1 in Transmutations
  1274 | D:2      | Reached skill level 1 in Fire Magic
  1274 | D:2      | Reached skill level 1 in Ice Magic
  1274 | D:2      | Reached skill level 1 in Air Magic
  1274 | D:2      | Reached skill level 1 in Earth Magic
  1274 | D:2      | Reached skill level 1 in Poison Magic
  1364 | D:2      | Noticed Natasha
  1372 | D:2      | Killed Natasha
  1373 | D:2      | Reached XP level 5. HP: 29/40 MP: 5/7
  1565 | D:2      | Noticed Natasha
  1572 | D:2      | Killed Natasha
  2518 | D:3      | Found a hazy altar of Hepliaklqana.
  2696 | D:4      | Found a runed translucent door.
  2700 | D:4      | Noticed Dordric's ghost (amateur DrSh)
  2811 | D:4      | Noticed Robin
  2812 | D:4      | Noticed a phantom
  2853 | D:4      | Killed a phantom
  2854 | D:4      | Reached XP level 6. HP: 19/47 MP: 8/8
  2855 | D:4      | Killed Robin
  2978 | D:4      | Reached skill level 5 in Dodging
  2983 | D:4      | Found a stormy altar of Qazlal.
  3164 | D:4      | Noticed a black bear
  3174 | D:4      | Killed a black bear
  3175 | D:4      | Reached XP level 7. HP: 52/52 MP: 10/10
  3203 | D:4      | Found a glowing drain.
  3209 | D:4      | Noticed Ijyb
  3235 | Sewer    | Entered a sewer
  3953 | D:4      | Killed Ijyb
  4013 | D:4      | Found an ancient bone altar of Kikubaaqudgha.
  4284 | D:5      | Entered Level 5 of the Dungeon
  4736 | D:5      | Noticed Menkaure
  4749 | D:5      | Killed Menkaure
  4750 | D:5      | Reached XP level 8. HP: 44/60 MP: 12/12
  5176 | D:5      | Found a burning altar of Makhleb.
  5176 | D:5      | Found a shimmering altar of Xom.
  5745 | D:6      | Identified a scroll of acquirement
  5745 | D:6      | Acquired 672 gold pieces
  6676 | D:7      | Found Cutor's General Store.
  6676 | D:7      | Found a staircase to the Ecumenical Temple.
  6687 | Temple   | Entered the Ecumenical Temple
  6692 | Temple   | Became a worshipper of Trog the Wrathful
  7100 | D:8      | Noticed a purple ugly thing
  7118 | D:8      | Killed a purple ugly thing
  7119 | D:8      | Reached XP level 9. HP: 65/67 MP: 13/15
  7158 | D:8      | Identified the ring of Emuzof {MP+9 Int+3 Dex+2}
  7258 | D:8      | Reached skill level 5 in Fighting
  7473 | D:8      | Found a sparkling altar of Nemelex Xobeh.
  7809 | D:8      | Reached skill level 5 in Invocations
  7974 | D:8      | Reached * piety under Trog
  8268 | D:8      | Reached XP level 10. HP: 75/75 MP: 17/17
  8389 | D:9      | Noticed Erolcha
  8522 | D:9      | Reached skill level 5 in Short Blades
  8522 | D:9      | Reached skill level 5 in Long Blades
  8522 | D:9      | Reached skill level 5 in Axes
  8522 | D:9      | Reached skill level 5 in Maces & Flails
  8522 | D:9      | Reached skill level 5 in Polearms
  8522 | D:9      | Reached skill level 5 in Staves
  8522 | D:9      | Reached skill level 5 in Ranged Weapons
  8522 | D:9      | Reached skill level 5 in Throwing
  8522 | D:9      | Reached skill level 5 in Armour
  8522 | D:9      | Reached skill level 5 in Stealth
  8522 | D:9      | Reached skill level 5 in Shields
  8522 | D:9      | Reached skill level 5 in Spellcasting
  8522 | D:9      | Reached skill level 5 in Evocations
  8755 | D:9      | Found a staircase to the Orcish Mines.
  8854 | D:9      | Killed Erolcha
  9491 | D:9      | Noticed Harold
  9503 | D:9      | Noticed Maggie
  9533 | D:9      | Found a staircase to the Lair.
  9534 | D:9      | Killed from afar by an electric eel

Illustrated notes

Levels and vault maps discovered:
D:1:      dpeg_arrival_line_fractal, layout_basic,
          dreamdust_ecumenical_altar_grove, serial_shops, shop, minivault_27
D:2:      layout_rooms, uniq_natasha
D:3:      layout_basic, nicolae_hepliaklqana_monster_ancestors,
          hangedman_decor_growths, grunt_ministairs_9
D:4:      layout_loops_ring, mainiacjoe_overflow_catwalk_spiral,
          gup_sewer_entry_glass, ebering_ghost_sewer_d, uniq_ijyb, uniq_robin
D:5:      layout_loops_ring, grunt_temple_overflow_champion_of_chaos,
          nicolae_concentric_dashed_squares_wild, uniq_menkaure
D:6:      layout_basic
D:7:      layout_loops_ring, minmay_temple_entry_butterflies, serial_shops,
          shop, minmay_misc_feat_pillars, roderic_lattice_a
D:8:      layout_rooms, nemelex_xobeh_ov_fountains_minmay,
          nicolae_ossuary_entry_plus, special_room [special_room_orc],
          nicolae_figureground_sparkle
D:9:      layout_basic, mainiacjoe_overflow_small_starburst, lair_entry_dummy,
          orc_0_dummy, uniq_harold, uniq_maggie, uniq_erolcha
Temple:   hellmonk_temple_two_chambers

Skill      XL: |  1  2  3  4  5  6  7  8  9 10 |
---------------+-------------------------------+-----
Invocations    | 1 2 3 4 5 |  5.8
Short Blades   | 1 2 3 4 5 |  5.3
Long Blades    | 1 2 3 4 5 |  5.3
Axes           | 1 2 3 4 5 |  5.3
Maces & Flails | 1 2 3 4 5 |  5.3
Polearms       | 1 2 3 4 5 |  5.3
Staves         | 1 2 3 4 5 |  5.3
Ranged Weapons | 1 2 3 4 5 |  5.3
Throwing       | 1 2 3 4 5 |  5.3
Armour         | 1 2 3 4 5 |  5.3
Stealth        | 1 2 3 4 5 |  5.3
Shields        | 1 2 3 4 5 |  5.3
Spellcasting   | 1 2 3 4 5 |  5.3
Evocations     | 1 2 3 4 5 |  5.3
Conjurations   | 1 2 3 4 |  4.3
Hexes          | 1 2 3 4 |  4.3
Summonings     | 1 2 3 4 |  4.3
Necromancy     | 1 2 3 4 |  4.3
Translocations | 1 2 3 4 |  4.3
Transmutations | 1 2 3 4 |  4.3
Fire Magic     | 1 2 3 4 |  4.3
Ice Magic      | 1 2 3 4 |  4.3
Air Magic      | 1 2 3 4 |  4.3
Earth Magic    | 1 2 3 4 |  4.3
Poison Magic   | 1 2 3 4 |  4.3
Fighting       | 3 4 5 6 |  6.0
Dodging        | 5 6 7 |  7.1
Unarmed Combat | 7 8 |  8.5
Shapeshifting  | 7 8 |  8.2

Action                     |  1- 3 |  4- 6 |  7- 9 | 10-12 || total
---------------------------+-------+-------+-------+-------++-------
  Melee: Unarmed           |    89 |    88 |   311 |    56 ||   544
         Bite              |     9 |    12 |    27 |     5 ||    53
         Punch             |     1 |     4 |    12 |     3 ||    20
  Throw: Dart              |       |     2 |    35 |    10 ||    47
 Invoke: Berserk           |       |       |       |     2 ||     2
  Evoke: Wand              |       |    10 |       |       ||    10
    Use: Scroll            |     1 |     2 |    14 |     4 ||    21
         Potion            |       |     1 |     7 |     6 ||    14
   Stab: Sleeping          |     1 |     1 |     2 |       ||     4
 Armour: Animal skin       |    27 |       |       |       ||    27
         Ring mail         |     9 |    55 |   153 |     4 ||   221
         Plate armour      |       |       |       |    78 ||    78
  Dodge: Dodged            |    58 |    36 |   180 |    30 ||   304
  Block: Other             |       |       |    35 |    17 ||    52
         Reflection        |       |       |       |     1 ||     1

Table legend: (Time is in decaauts)
 A = Elapsed time spent in this place.
 B = Non-inter-level travel time spent in this place.
 C = Inter-level travel time spent in this place.
 D = Time resting spent in this place.
 E = Time spent auto-exploring this place.
 F = Levels seen in this place.
 G = Mean time per level.
                   A        B        C        D        E       F      G
               +--------+--------+--------+--------+--------+-----+--------+
         Total |   9609 |   9312 |    297 |    690 |   6514 |  11 |  873.5 |
       Dungeon |   8755 |   8458 |    297 |    690 |   5866 |   9 |  972.8 |
        Temple |     10 |     10 |      0 |      0 |      0 |   1 |   10.0 |
         Sewer |    843 |    843 |      0 |      0 |    647 |   1 |  843.0 |
               +--------+--------+--------+--------+--------+-----+--------+

Top non-repeatable levels by time:
     D:8: 1453 daAuts
     D:9: 1071 daAuts
     D:4: 1010 daAuts
     D:1: 970 daAuts
     D:5: 929 daAuts
     D:3: 927 daAuts
     D:7: 900 daAuts
     D:6: 859 daAuts
   Sewer: 843 daAuts
     D:2: 632 daAuts
  Temple: 10 daAuts
